 Dungeon Crawl Stone Soup version 0.30.0 (webtiles) character file.

Game seed: 14197076802172512737

1173 Ballistic the Sneak (level 8, -3/49 HPs)
             Began as a Kobold Brigand on Oct 2, 2023.
             Was an Initiate of Makhleb.
             Slain by a sky beast (6 damage)
             ... on level 6 of the Dungeon.
             The game lasted 00:36:35 (5811 turns).

Ballistic the Sneak (Kobold Brigand)                Turns: 5811, Time: 00:36:36

Health: -3/49      AC: 12    Str:  8    XL:     8   Next: 68%
Magic:  9/9        EV:  2    Int: 13    God:    Makhleb [......]
Gold:   1277       SH:  4    Dex: 18    Spells: 7/7 levels left

rFire   . . .        j - +2 short sword (venom)
rCold   . . .        (no shield)
rNeg    . . .        A - +0 plate armour
rPois   .            (no helmet)
rElec   .            c - +0 cloak
rCorr   +            (no gloves)
SInv    .            (no boots)
Will    .....        B - amulet of magic regeneration Stlth
                     v - ring of resist corrosion
HPRegen 0.28/turn    z - ring of resist corrosion
MPRegen 0.51/turn

%: no passive effects
@: no status effects
A: small, no large weapons, nightstalker 3, large bone plates 1, MP-powered
wands
a: Renounce Religion


You were on level 6 of the Dungeon.
You worshipped Makhleb.
Makhleb was noncommittal.
You visited 2 branches of the dungeon, and saw 7 of its levels.

You collected 1420 gold pieces.
You spent 143 gold pieces at shops.

Inventory:

Hand Weapons
 a - a +2 dagger
 h - a +4 quarterstaff of chaos
 j - a +2 short sword of venom (weapon)
 m - a +0 sling
 y - a +0 rapier
 D - a +0 spear of freezing
Missiles
 d - 8 poisoned darts (quivered)
 e - 3 curare-tipped darts
 f - 27 stones
 p - 8 boomerangs
Armour
 b - a +0 robe
 c - a +0 cloak (worn)
 g - a +0 ring mail
 r - a +0 cloak
 A - a +0 plate armour (worn)
Jewellery
 v - a ring of resist corrosion (left hand)
 z - a ring of resist corrosion (right hand)
 B - an amulet of magic regeneration (around neck)
Wands
 G - a wand of paralysis (7)
 H - a wand of mindburst (20)
Scrolls
 l - a scroll of poison
 o - a scroll of enchant armour {unknown}
 q - 2 scrolls of immolation {unknown}
 s - a scroll of enchant weapon
 x - 2 scrolls of teleportation
 F - a scroll of brand weapon {unknown}
Potions
 i - a potion of invisibility
 k - a potion of flight {unknown}
 n - 3 potions of cancellation
 t - 3 potions of mutation
 C - a potion of lignification {unknown}
 E - 2 potions of ambrosia {unknown}


   Skills:
 * Level 5.2 Fighting
 * Level 6.1 Short Blades
 + Level 2.7 Ranged Weapons
 - Level 3.0 Throwing
 * Level 3.2 Armour
 + Level 3.6 Dodging
 + Level 6.8 Stealth
 - Level 0.2 Spellcasting
 + Level 2.3 Invocations
 + Level 2.4 Evocations


You had 7 spell levels left.
You didn't know any spells.
Your spell library was empty.

Dungeon Overview and Level Annotations

Branches:
Dungeon (6/15)             Temple (1/1) D:5

Altars:
Ashenzari
Dithmenos
Elyvilon
Fedhas
Gozag
Hepliaklqana
Makhleb
Nemelex Xobeh
Okawaru
Trog
Uskayaw
Vehumet
Xom
Yredelemnul
Zin
The Shining One

Shops:
D:3 *


Innate Abilities, Weirdness & Mutations

You are small and have problems with some larger weapons.
You are completely attuned to the shadows.
You are partially covered in large bone plates. (SH +4)
You expend magic power (3 MP) to strengthen your wands.


Message History

The shadow imp gestures at you. Pain shoots through your body!
* * * LOW HITPOINT WARNING * * *
The sleepcap releases spores at you but does no damage.
You feel much better. The sleepcap releases spores at you.
The shadow imp hits you but does no damage.
You hit the shadow imp.
The shadow imp is almost dead.
The sky beast flickers out of sight!
Deactivating autopickup; reactivate with Ctrl-A.
The shadow imp gestures at you. Pain shoots through your body!
You block the sleepcap's attack.
You hit the shadow imp.
You kill the shadow imp!
Makhleb accepts your kill.
The centaur wields a +0 shortbow.
The centaur shoots an arrow.
The arrow hits you!
* * * LOW HITPOINT WARNING * * *
You feel better.
The centaur shoots an arrow.
The arrow hits you.
* * * LOW HITPOINT WARNING * * *
The sleepcap releases spores at you but does no damage.
The sleepcap attacks as you move away! The sleepcap completely misses you.
You destroy the sleepcap!
Makhleb accepts your kill.
The centaur shoots an arrow.
The arrow hits you.
* * * LOW HITPOINT WARNING * * *
The centaur shoots an arrow.
The arrow hits you.
* * * LOW HITPOINT WARNING * * *
A sky beast appears from thin air!
Reactivating autopickup.
You feel better.
The centaur shoots an arrow.
The arrow hits you!
* * * LOW HITPOINT WARNING * * *
The centaur shoots an arrow.
The arrow hits you.
* * * LOW HITPOINT WARNING * * *
The sky beast attacks as you move away!
The sky beast hits you but does no damage.
The sky beast attacks as you move away! The sky beast hits you.
* * * LOW HITPOINT WARNING * * *
The sky beast shocks you.
You die...

#.#.....#.##...## ##..## #..##
#.........###.## #...# ##.###
##......#..# ### #...####.## #
...........# #.###....## ##
####......## #.# ##..####..
##...#.# #. ##..##.... #.....#
##. ##.......≈≈ #.....# ##.#
##..#...≈..≈ #[....# #.@#
#.####..≈≈.. #..#### #cY# #.#
##...... ##.## ##..## #.#
#...≈≈.. ###..# ###.Y#.# #.#
#...≈..≈ #....### #...W...#
#.###.#...≈≈
##.....####)##.....##..##.......
#.##.........#.#..........#..##
#.#######..##Y##....#....####.#
#.# ##.# .c###..###### ##.


You could see an ice beast, a sky beast, a phantom and a centaur.

Vanquished Creatures
  Eustachio (D:6)
  An ice beast (D:4)
  An ogre (D:6)
  2 phantoms
  3 scorpions
  2 hounds
  Crazy Yiuf (D:2)
  A jelly (D:6)
  An orc wizard (D:3)
  A sleepcap (D:6)
  Natasha (thrice) (D:2)
  4 gnolls (D:5)
  10 adders
  2 shadow imps (D:6)
  A white imp (D:6)
  An ufetubus (D:4)
  A worm (D:2)
  4 dart slugs
  10 orcs
  13 ball pythons
  10 bats
  6 endoplasms
  4 giant cockroaches
  8 goblins
  6 hobgoblins
  12 jackals
  11 kobolds
  7 quokkas
  5 frilled lizards
  8 rats
140 creatures vanquished.

Vanquished Creatures (others)
  A fungus (D:2)
1 creature vanquished.

Grand Total: 141 creatures vanquished

Notes
Turn   | Place    | Note
-------+----------+-------------------------------------------
     0 | D:1      | Ballistic the Kobold Brigand began the quest for the Orb.
     0 | D:1      | Reached XP level 1. HP: 12/12 MP: 1/1
    99 | D:1      | Reached XP level 2. HP: 17/18 MP: 2/2
   300 | D:1      | Reached XP level 3. HP: 22/22 MP: 3/3
  1030 | D:2      | Reached skill level 1 in Armour
  1060 | D:2      | Reached XP level 4. HP: 27/27 MP: 4/4
  1157 | D:2      | Noticed Natasha
  1169 | D:2      | Killed Natasha
  1170 | D:2      | Reached XP level 5. HP: 32/32 MP: 5/5
  1323 | D:2      | Noticed Natasha
  1374 | D:2      | Killed Natasha
  1391 | D:2      | Noticed Natasha
  1401 | D:2      | Killed Natasha
  1595 | D:2      | Found a runed translucent door.
  1598 | D:2      | Noticed Crazy Yiuf
  1613 | D:2      | Killed Crazy Yiuf
  1614 | D:2      | Reached XP level 6. HP: 14/37 MP: 6/6
  2323 | D:3      | Found Gaepsamp's General Store.
  2558 | D:3      | Identified a scroll of acquirement
  2558 | D:3      | Acquired 1191 gold pieces
  2850 | D:3      | Bought a potion of mutation for 104 gold pieces
  2850 | D:3      | Bought a potion of curing for 39 gold pieces
  2850 | D:3      | Gained mutation: You are partially covered in large bone
                  | plates. (SH +4) [potion of mutation]
  2850 | D:3      | Gained mutation: You expend magic power (3 MP) to
                  | strengthen your wands. [potion of mutation]
  2950 | D:4      | Reached skill level 1 in Ranged Weapons
  2950 | D:4      | Reached skill level 1 in Evocations
  2950 | D:4      | Reached XP level 7. HP: 42/43 MP: 7/7
  3346 | D:4      | Found an iron altar of Okawaru.
  3346 | D:4      | Found a blossoming altar of Fedhas.
  3346 | D:4      | Found a burning altar of Makhleb.
  3384 | D:4      | Became a worshipper of Makhleb the Destroyer
  3535 | D:4      | Found a radiant altar of Vehumet.
  3536 | D:4      | Found a bloodstained altar of Trog.
  3537 | D:4      | Found a white marble altar of Elyvilon.
  3550 | D:4      | Reached skill level 5 in Short Blades
  3550 | D:4      | Reached skill level 1 in Invocations
  3790 | D:5      | Entered Level 5 of the Dungeon
  4321 | D:5      | Reached XP level 8. HP: 23/48 MP: 9/9
  4420 | D:5      | Found a staircase to the Ecumenical Temple.
  4459 | Temple   | Entered the Ecumenical Temple
  5470 | D:6      | Found a hide-covered altar of Uskayaw.
  5481 | D:6      | Noticed Eustachio
  5492 | D:6      | Killed Eustachio
  5493 | D:6      | Reached skill level 5 in Fighting
  5811 | D:6      | Slain by a sky beast

Illustrated notes

Levels and vault maps discovered:
D:1:      lemuel_arrival_river_ford, layout_loops_ring, serial_forest,
          infiniplex_forest_end_3, infiniplex_forest_corner_1,
          infiniplex_forest_straight_3, infiniplex_forest_lined_room_3,
          infiniplex_forest_clump_diagonal
D:2:      layout_basic, chequers_mini_garden, minmay_pentomino_v4,
          uniq_crazy_yiuf_cottage, uniq_natasha
D:3:      layout_loops_cross, serial_shops, shop
D:4:      layout_basic, chequers_temple_overflow_statue_of_worship,
          gammafunk_temple_overflow_forgotten, minmay_crystal_water
D:5:      layout_basic, minmay_temple_entry_junction, dk_rats_in_the_wall
D:6:      layout_layer_cave, nicolae_qazlal_style_of_elements,
          mainiacjoe_overflow_small_starburst, minmay_ruined_shrine,
          uniq_eustachio
Temple:   nicolae_temple_bog_church

Skill      XL: |  1  2  3  4  5  6  7  8 |
---------------+-------------------------+-----
Short Blades   | 3 4 5 6 |  6.1
Armour         | 1 2 3 |  3.2
Fighting       | 3 4 5 |  5.2
Dodging        | 2 3 |  3.6
Stealth        | 6 |  6.8
Throwing       | 3 |  3.0
Ranged Weapons | 1 2 |  2.7
Evocations     | 1 2 |  2.4
Invocations    | 1 2 |  2.3
Spellcasting   | |  0.2

Action                     |  1- 3 |  4- 6 |  7- 9 || total
---------------------------+-------+-------+-------++-------
  Melee: Dagger            |   101 |     5 |       ||   106
         Punch             |     1 |     3 |     3 ||     7
         Short sword       |       |   127 |   190 ||   317
  Throw: Dart              |       |     2 |     1 ||     3
         Boomerang         |       |    11 |       ||    11
    Use: Scroll            |     1 |     7 |     3 ||    11
         Potion            |     1 |     2 |     4 ||     7
   Stab: Sleeping          |    23 |    15 |     3 ||    41
         Distracted        |       |     1 |       ||     1
 Armour: Robe              |     3 |       |       ||     3
         Ring mail         |    30 |    35 |     1 ||    66
         Plate armour      |       |       |    93 ||    93
  Dodge: Dodged            |    41 |    52 |    17 ||   110
  Block: Other             |       |       |    24 ||    24
